 Dungeon Crawl Stone Soup version 0.26.1-11-gd32895ea62 (webtiles) character file.

Game seed: 12377405473698124170

113 buriedalive the Chiller (level 4, -8/24 HPs)
             Began as a Deep Elf Ice Elementalist on July 12, 2021.
             Mangled by a gnoll
             ... wielding a +0 flail
              (13 damage)
             ... on level 3 of the Dungeon.
             The game lasted 00:04:32 (2932 turns).

buriedalive the Chiller (Deep Elf Ice Elementalist) Turns: 2932, Time: 00:04:33

Health: -8/24      AC:  8    Str:  4 (5)  XL:     4   Next: 65%
Magic:  4/10       EV: 14    Int: 18 (21) God:
Gold:   67         SH:  0    Dex: 15      Spells: 2/9 levels left

rFire    . . .     SeeInvis .   n - +2 whip (elec)
rCold    . . .     Faith    .   (no shield)
rNeg     . . .     Spirit   .   a - +0 robe
rPois    .         Reflect  .   (helmet restricted)
rElec    .         Harm     .   (no cloak)
rCorr    .         Rampage  .   (no gloves)
Will     .....     Clarity  +   (no boots)
Stlth    ++........             (no amulet)
HPRegen  0.08/turn              (no ring)
MPRegen  0.12/turn              (no ring)

@: icy armour, frozen ramparts
A: horns 1, clarity, deterioration 1
a: no special abilities


You were on level 3 of the Dungeon.
You visited 1 branch of the dungeon, and saw 3 of its levels.

You collected 67 gold pieces.

Inventory:

Hand Weapons
 i - a +0 short sword
 k - a +0 dagger
 n - a +2 whip of electrocution (weapon)
Missiles
 j - 29 stones
 l - 7 poisoned darts
Armour
 a - a +0 robe (worn)
Jewellery
 m - an uncursed amulet of regeneration {unknown}
Wands
 o - a wand of polymorph (3)
Scrolls
 b - a scroll of remove curse
 e - a scroll of identify
Potions
 p - a potion of magic


   Skills:
 + Level 4.5 Dodging
 - Level 2.4 Stealth
 - Level 3.0 Spellcasting
 + Level 5.6 Ice Magic


You had 2 spell levels left.
You knew the following spells:

 Your Spells              Type           Power        Failure   Level
a - Freeze                Ice            92%          1%          1
b - Frozen Ramparts       Ice            46%          4%          3
c - Ozocubu's Armour      Ice            23%          4%          3

Your spell library contained the following spells:

 Spells                   Type           Power        Failure   Level
 Hailstorm                Conj/Ice       12%          45%         4
 Summon Ice Beast         Ice/Summ       12%          45%         4


Dungeon Overview and Level Annotations

Branches:
Dungeon (3/15)

Altars:

Annotations:
D:3 Terence


Innate Abilities, Weirdness & Mutations

You have a pair of small horns on your head.
You possess an exceptional clarity of mind.
Your body sometimes deteriorates upon taking damage.


Message History

As you read the scroll labelled LONKIU UNOE, it crumbles to dust.
It is a scroll of identify.
p - a potion of magic The gnoll closely misses you.
Terence hits you from afar with a +0 trident!
* * * LOW HITPOINT WARNING * * *
Casting: Freeze (safe; 1% risk of failure)
Confirm with . or Enter, or press ? or * to list all spells.
The spell is quite dangerous to cast (4% risk of failure)!
Continue anyway?
A film of ice covers your body! The gnoll barely misses you.
Terence misses you.
Casting: Ozocubu's Armour (quite dangerous; 4% risk of failure)
Confirm with . or Enter, or press ? or * to list all spells.
The spell is quite dangerous to cast (4% risk of failure)!
Continue anyway?
Casting: Frozen Ramparts (quite dangerous; 4% risk of failure)
Press: ? - help, Dir - look around, f - activate The walls around you are covered in ice.
The wall freezes the gnoll.
The gnoll hits you with a +0 flail!
Ouch! That really hurt!
You die...

## ... ######## ....
#......# ##....
#......#####.....
#.g@.........# .
♣@########...#.... ♣♣#
#.g..........
♣####.###........
♣..##.# #........
♣♣..##†# #######.#
♣♣♣......#######....
.♣♣.....).........♣.♣.
.............?........
♣♣..g.g...........♣.♣.


You could see Terence and a gnoll (berserk).

Vanquished Creatures
  An orc priest (D:3)
  5 adders
  A worm (D:2)
  2 dart slugs (D:2)
  2 leopard geckos
  4 orcs (D:3)
  2 hobgoblins
  3 jackals (D:3)
  4 kobolds
  2 bats
  3 rats
29 creatures vanquished.

Vanquished Creatures (others)
  A plant (D:3)
1 creature vanquished.

Grand Total: 30 creatures vanquished

Notes
Turn   | Place    | Note
-------+----------+-------------------------------------------
     0 | D:1      | buriedalive the Deep Elf Ice Elementalist began the quest
                  | for the Orb.
     0 | D:1      | Reached XP level 1. HP: 10/10 MP: 6/6
   983 | D:2      | Reached XP level 2. HP: 15/15 MP: 5/8
  1874 | D:2      | Reached skill level 5 in Ice Magic
  1874 | D:2      | Reached XP level 3. HP: 14/19 MP: 6/9
  2539 | D:2      | Reached XP level 4. HP: 4/24 MP: 7/10
  2540 | D:2      | Gained mutation: You have a pair of small horns on your
                  | head. [potion of mutation]
  2540 | D:2      | Gained mutation: Your body sometimes deteriorates upon
                  | taking damage. [potion of mutation]
  2540 | D:2      | Gained mutation: You possess an exceptional clarity of
                  | mind. [potion of mutation]
  2843 | D:3      | Learned a level 3 spell: Frozen Ramparts
  2847 | D:3      | Learned a level 3 spell: Ozocubu's Armour
  2915 | D:3      | Noticed Terence
  2932 | D:3      | Mangled by a gnoll

Illustrated notes

Levels and vault maps discovered:
D:1:      psy_arrival_radial01, layout_loops_ring
D:2:      lemuel_upstairs_altar, layout_loops_ring
D:3:      layout_rooms, serial_forest, infiniplex_forest_lined_1,
          infiniplex_forest_lined_4_way, infiniplex_forest_lined_2,
          infiniplex_forest_straight_3, infiniplex_forest_lined_room_2,
          infiniplex_forest_lined_2, infiniplex_forest_end_1,
          infiniplex_forest_clump_tiny, infiniplex_forest_side_room,
          infiniplex_forest_end_1, uniq_terence

Skill      XL: |  1  2  3 |
---------------+----------+-----
Dodging        | 3 4 |  4.5
Ice Magic      | 5 |  5.6
Stealth        | |  2.4
Spellcasting   | |  3.0

Action                   |  1- 3 |  4- 6 || total
-------------------------+-------+-------++-------
Melee: Unarmed           |     5 |       ||     5
       Dagger            |     9 |       ||     9
       Short sword       |     2 |       ||     2
       Whip              |    18 |     6 ||    24
       Headbutt          |       |     2 ||     2
 Cast: Freeze            |    25 |    14 ||    39
       Ozocubu's Armour  |       |     1 ||     1
       Frozen Ramparts   |       |     1 ||     1
  Use: Potion            |       |     4 ||     4
       Scroll            |       |     3 ||     3
 Stab: Sleeping          |     4 |       ||     4
Armor: Robe              |     5 |     2 ||     7
Dodge: Dodged            |    32 |    34 ||    66
